Map: El Dorado

Players

MaxPax

  • Race: Protoss Protoss
  • League: Master
  • Spawn Location: 7:00

LiquidClem (Clem) - Winner!

  • Race: Terran Terran
  • League: Grandmaster
  • Spawn Location: 5:00

VOD

Have the link to the VOD?

Description

Time

  • Played on: Jan. 20, 2025, 3:24 p.m.
  • Length: 14:48
Show
View Real Time Build Order
Export as new Build Order

MaxPax Protoss 

Build Orders: 1 Gate Expand, Phoenix Opening 

Get SALT Encoding   

  12  0:00  Probe  
  13  0:12  Probe  
  14  0:18  Pylon  
  14  0:23  Probe  
  15  0:32  Probe  
  15  0:37  Gateway  
  15  0:40  Probe  
  16  0:46  Assimilator  
  17  0:51  Probe  
  18  1:03  Probe  
  19  1:15  Probe  
  20  1:31  Nexus  
  20  1:34  Cybernetics Core  
  20  1:37  Probe  
  21  1:46  Assimilator  
  21  1:49  Probe  
  21  1:52  Pylon  
  22  2:00  Adept  
  22  2:01  Probe  
  23  2:13  Probe  
  26  2:22  Stargate  
  26  2:25  Probe  
  27  2:33  Warp Gate  
  27  2:35  Adept  
  29  2:37  Probe  
  29  2:41  Shield Battery  
  30  2:45  Probe  
  30  2:49  Probe  
  32  2:57  Probe  
  33  2:58  Phoenix  
  33  3:02  Probe  
  34  3:08  Adept  
  34  3:09  Probe  
  39  3:14  Probe  
  39  3:16  Shield Battery  
  39  3:18  Phoenix  
  40  3:21  Probe  
  40  3:27  Probe  
  44  3:33  Pylon  
  44  3:35  Probe  
  44  3:40  Pylon  
  45  3:43  Phoenix  
  45  3:46  Probe  
  46  3:51  Probe  
  49  3:57  Gateway  
  49  4:00  Probe  
  49  4:02  Gateway  
  50  4:03  Probe  
  50  4:05  Phoenix  
  53  4:22  Nexus  
  53  4:27  Probe x2  
  55  4:33  Stalker  
  55  4:37  Shield Battery  
  57  4:41  Probe  
  57  4:42  Pylon  
  57  4:44  Phoenix  
  60  4:46  Probe  
  60  4:50  Assimilator  
  61  5:01  Stalker, Sentry  
  64  5:11  Stalker  
  64  5:16  Probe  
  64  5:19  Phoenix  
  67  5:21  Probe  
  67  5:26  Zealot  
  67  5:27  Zealot  
  70  5:31  Pylon x2  
  70  5:37  Probe  
  70  5:41  Probe  
  60  5:45  Phoenix  
  60  5:49  Probe  
  59  5:52  Probe  
  58  6:00  Probe x3  
  58  6:01  Zealot x3  
  58  6:02  Twilight Council  
  66  6:08  Probe  
  67  6:11  Probe  
  67  6:13  Forge  
  67  6:14  Probe  
  67  6:15  Protoss Ground Weapons Level 1  
  68  6:18  Probe  
  68  6:21  Probe  
  70  6:26  Probe x2  
  70  6:30  Charge  
  70  6:32  Sentry  
  74  6:33  Probe  
  74  6:34  Probe  
  74  6:38  Probe  
  77  6:40  Pylon  
  77  6:44  Probe  
  77  6:45  Probe  
  79  6:49  Pylon  
  79  6:50  Probe  
  80  6:58  Probe  
  81  7:01  Gateway  
  81  7:03  Gateway  
  81  7:05  Gateway  
  81  7:09  Gateway x2  
  81  7:10  Probe x2  
  81  7:13  Probe, Robotics Facility  
  84  7:16  Zealot  
  84  7:17  Pylon  
  84  7:22  Probe  
  87  7:28  Pylon  
  88  7:30  Probe  
  88  7:31  Assimilator, Probe  
  88  7:32  Shield Battery  
  88  7:33  Assimilator, Sentry, Stalker  
  88  7:34  Probe  
  94  7:39  Pylon  
  94  7:42  Probe  
  94  7:43  Probe  
  96  7:46  Assimilator, Probe  
  97  7:54  Stalker  
  99  7:59  Robotics Facility  
  99  8:00  Observer  
  99  8:01  Stalker x3, Pylon  
  99  8:05  Robotics Bay  
  106  8:16  Zealot x4  
  106  8:18  Immortal  
  118  8:22  Zealot  
  118  8:26  Zealot x3  
  113  8:27  Probe  
  113  8:29  Probe  
  113  8:33  Probe  
  112  8:39  Probe  
  112  8:40  Protoss Ground Weapons Level 2  
  111  8:41  Probe  
  111  8:44  Colossus  
  111  8:45  Probe  
  111  8:48  Colossus  
  111  8:59  Extended Thermal Lance  
  123  9:05  Pylon  
  123  9:18  Zealot x5  
  123  9:24  Zealot x3  
  135  9:35  Probe  
  136  9:41  Colossus, Forge  
  136  9:42  Warp Prism  
  137  9:46  Pylon  
  137  9:47  Pylon  
  138  10:04  Nexus  
  134  10:08  Probe  
  134  10:12  Stalker x2, Zealot x5  
  148  10:14  Probe  
  148  10:15  Observer  
  148  10:21  Probe x2, Pylon  
  148  10:24  Protoss Ground Armor Level 1  
  148  10:26  Zealot  
  151  10:36  Dark Shrine  
  151  10:38  Pylon  
  151  10:40  Observer  
  151  10:43  Probe  
  151  10:48  Shield Battery  
  150  10:54  Pylon  
  147  11:05  Pylon  
  147  11:07  Stalker x4  
  147  11:08  Zealot x4  
  159  11:19  Probe x3  
  159  11:20  Disruptor  
  159  11:21  Disruptor  
  167  11:27  Probe  
  167  11:28  Protoss Ground Weapons Level 3  
  167  11:31  Zealot x5, Probe  
  167  11:32  Blink  
  166  11:46  Warp Prism  
  161  11:48  Zealot x3  
  162  11:54  Observer  
  165  12:01  Zealot x5  
  165  12:06  Probe  
  165  12:07  Probe x2  
  177  12:15  Stalker x2  
  177  12:16  Stalker  
  177  12:18  Disruptor  
  162  12:37  Zealot x5  
  159  12:46  Disruptor  
  149  12:58  Colossus  
  137  13:00  Zealot x7  
  137  13:01  Zealot  
  141  13:06  Probe x4  
  141  13:11  Pylon  
  145  13:18  Probe x3  
  147  13:24  Dark Templar x3  
  147  13:26  Colossus  
  151  13:29  Zealot  
  151  13:31  Probe  
  152  13:41  Zealot x4  
  158  13:45  Probe  
  159  13:52  Nexus  
  158  14:11  Stalker  
  158  14:12  Zealot x7  
Show
View Real Time Build Order
Export as new Build Order

LiquidClem Terran - Winner!

Build Orders:  

Get SALT Encoding   

  12  0:00  SCV  
  13  0:12  SCV  
  14  0:17  Supply Depot  
  14  0:24  SCV  
  15  0:29  Refinery  
  15  0:39  SCV  
  16  0:47  Barracks  
  16  0:51  SCV  
  17  1:03  SCV  
  18  1:07  Engineering Bay  
  18  1:15  SCV  
  19  1:34  Marine, Orbital Command  
  19  1:36  Factory  
  20  1:44  Supply Depot  
  20  1:52  Barracks Reactor  
  20  2:00  SCV  
  21  2:12  SCV  
  22  2:19  Widow Mine  
  24  2:24  SCV  
  24  2:28  Command Center  
  25  2:36  Starport  
  25  2:39  SCV  
  26  2:46  Supply Depot  
  26  2:51  Marine, SCV  
  27  2:52  Marine  
  27  2:56  Refinery  
  29  2:59  Factory Tech Lab  
  29  3:03  SCV  
  30  3:09  Marine x2  
  32  3:16  SCV  
  33  3:20  Cyclone  
  33  3:26  Marine  
  37  3:27  Marine  
  37  3:29  SCV  
  39  3:41  SCV  
  40  3:42  Medivac  
  40  3:44  Marine  
  40  3:45  Marine  
  44  3:49  Supply Depot  
  44  3:57  SCV, Cyclone  
  48  4:03  Orbital Command  
  48  4:09  SCV  
  49  4:10  Marine x2  
  51  4:19  Starport Tech Lab  
  51  4:21  SCV  
  51  4:22  Supply Depot  
  52  4:27  Marine  
  52  4:28  Marine  
  52  4:30  SCV  
  55  4:34  SCV  
  56  4:40  Cyclone  
  56  4:42  Viking  
  56  4:43  SCV  
  62  4:46  SCV  
  62  4:47  Supply Depot  
  62  4:48  Marine  
  62  4:50  Marine  
  65  4:55  SCV  
  65  4:58  SCV  
  68  5:07  SCV  
  68  5:08  Marine  
  68  5:09  Barracks  
  68  5:10  SCV  
  68  5:11  Marine  
  69  5:16  Viking, Cyclone  
  69  5:19  SCV  
  73  5:24  Supply Depot  
  73  5:26  Marine  
  74  5:29  Marine  
  74  5:33  SCV x2  
  74  5:35  Barracks  
  68  5:44  Marine  
  68  5:45  SCV  
  68  5:46  SCV  
  68  5:49  Marine  
  65  5:53  Cyclone  
  62  5:58  Refinery, SCV x2  
  62  6:02  Marine  
  62  6:06  Bunker  
  62  6:07  Marine  
  62  6:08  Starport Reactor  
  62  6:09  Marine, Stimpack  
  62  6:11  SCV x2  
  65  6:16  Supply Depot  
  65  6:17  Refinery  
  66  6:19  Engineering Bay  
  66  6:20  Marine  
  66  6:23  SCV  
  66  6:25  Marine  
  69  6:27  Marine, SCV  
  69  6:32  Factory Reactor  
  71  6:38  Marine x2, Combat Shield  
  73  6:41  Supply Depot  
  73  6:42  Command Center  
  73  6:46  Terran Infantry Weapons Level 1  
  73  6:47  Marine  
  73  6:48  Medivac  
  73  6:49  Marauder  
  78  6:55  Marine  
  78  6:56  Medivac  
  78  6:58  Missile Turret  
  78  6:59  Barracks  
  81  7:01  Barracks  
  81  7:04  Supply Depot, SCV x2  
  81  7:05  Marine  
  84  7:09  Widow Mine x2  
  84  7:10  Marauder  
  84  7:14  Marine  
  84  7:15  Marauder  
  93  7:16  SCV x2  
  95  7:23  Supply Depot, Marine  
  96  7:32  Marine, Marauder  
  96  7:33  Widow Mine x2  
  96  7:36  Marauder  
  105  7:40  Medivac x2  
  105  7:41  Marine  
  105  7:44  Supply Depot  
  110  7:45  Supply Depot, SCV  
  110  7:49  Barracks Reactor, Barracks Tech Lab  
  110  7:50  Marine, SCV  
  113  7:57  Marauder, SCV  
  113  7:58  Marauder  
  118  7:59  Widow Mine  
  118  8:00  Marine  
  118  8:02  SCV  
  122  8:07  Supply Depot  
  122  8:08  Widow Mine  
  122  8:09  Marine  
  122  8:10  Marauder  
  122  8:11  SCV  
  128  8:14  SCV  
  128  8:16  Medivac  
  128  8:18  Medivac  
  133  8:21  Orbital Command  
  133  8:22  Marine  
  133  8:24  Marauder  
  133  8:27  Marine x2  
  133  8:28  SCV  
  131  8:35  Marine, SCV  
  131  8:36  Marauder  
  131  8:37  Marine  
  131  8:40  Widow Mine x2, SCV  
  130  8:42  Marine  
  130  8:46  Marauder  
  130  8:47  SCV x2  
  133  8:50  Marine, Terran Infantry Armor Level 1  
  133  8:52  SCV  
  133  8:55  Marine, Marauder, Medivac  
  135  8:56  Marine  
  135  8:58  Marauder  
  135  9:01  Marine  
  142  9:04  SCV  
  142  9:07  Ghost Academy  
  142  9:08  Marine, Marauder  
  146  9:10  Bunker  
  146  9:11  Supply Depot  
  146  9:14  Widow Mine x2  
  146  9:15  Supply Depot  
  146  9:16  Marine  
  146  9:18  Marine  
  146  9:20  Supply Depot  
  146  9:21  Marine  
  146  9:22  Marauder  
  150  9:24  Refinery  
  150  9:25  Refinery, SCV  
  150  9:27  Marine  
  150  9:28  SCV  
  150  9:30  Concussive Shells  
  150  9:31  Marauder  
  153  9:35  Supply Depot  
  153  9:37  Marine  
  153  9:38  Widow Mine x2, Marine  
  159  9:44  Supply Depot  
  159  9:45  Marine  
  157  9:48  Command Center  
  157  9:50  Ghost  
  161  9:54  Viking  
  161  9:56  Viking  
  161  9:59  Widow Mine  
  165  10:00  Marine x2  
  165  10:01  Marine  
  165  10:06  Armory  
  168  10:07  Engineering Bay  
  168  10:08  Ghost  
  168  10:11  Widow Mine  
  168  10:14  Marine, Ghost  
  175  10:25  Ghost  
  175  10:27  Barracks x2  
  178  10:29  Barracks  
  178  10:30  Marine x2  
  178  10:34  Widow Mine x2, Marine  
  178  10:35  Marine  
  186  10:40  Viking x2  
  190  10:43  Supply Depot  
  190  10:45  Ghost  
  193  10:51  SCV x3  
  193  10:55  Terran Infantry Armor Level 2, Terran Infantry Weapons Level 2  
  196  10:57  Marine  
  196  11:03  SCV  
  196  11:04  Missile Turret  
  198  11:08  Missile Turret  
  198  11:09  Marine x2  
  198  11:10  Marine  
  199  11:18  Terran Ship Weapons Level 1  
  199  11:24  Viking  
  199  11:35  Planetary Fortress  
  199  11:36  Barracks Tech Lab  
  199  11:37  Command Center  
  195  11:45  Marine, Marauder  
  195  11:46  Marine, Viking  
  195  11:48  Marine, Marauder  
  195  11:49  Marine, Ghost  
  195  11:51  Barracks Tech Lab x2  
  199  11:54  Widow Mine x2  
  199  12:02  Missile Turret x2  
  199  12:03  Marine  
  200  12:10  Starport  
  197  12:27  Medivac x2  
  192  12:30  Widow Mine x2, Marine  
  192  12:31  Marine x2  
  192  12:32  Marine, Marauder x2  
  192  12:35  Marine  
  200  12:37  Marine  
  200  12:39  Marine  
  193  12:44  Marine  
  188  12:53  Starport Reactor, Widow Mine x2, Ghost  
  188  12:54  Marauder x2  
  188  12:56  Marine x2  
  190  12:59  Marine  
  190  13:01  Marine  
  190  13:03  Medivac x2  
  190  13:04  Marine  
  172  13:09  Missile Turret  
  172  13:11  Command Center  
  172  13:14  Marine x2, Marauder x2  
  172  13:15  Widow Mine x2  
  172  13:17  Marine  
  172  13:18  Marine, Marauder x2  
  188  13:22  Marauder  
  188  13:25  Missile Turret, Ghost  
  191  13:27  Sensor Tower  
  191  13:32  Marine x2  
  191  13:33  Planetary Fortress  
  191  13:35  Ghost  
  191  13:36  SCV x3  
  191  13:40  SCV  
  196  13:43  Marine x2, Marauder  
  196  13:46  Missile Turret  
  200  13:51  Widow Mine  
  200  14:02  Marine  
  199  14:08  Marauder  
  200  14:10  Command Center  
  196  14:18  Marauder  
  194  14:25  Marauder  
  194  14:26  Widow Mine  
  194  14:27  Marine x2  
Tags
 
Add a new tag
Caveats
  • Supply blocks, unpowered buildings, or Contaminate may cause inaccurate times.
  • Supply counts are checked every 10 seconds.